Map: Eastwatch LE

Players

glhfwy - Winner!

  • Race: Zerg Zerg
  • League: Bronze
  • Spawn Location: 7:00

CinDra

  • Race: Protoss Protoss
  • League: Bronze
  • Spawn Location: 1:00

VOD

Have the link to the VOD?

Description

Time

  • Played on: Feb. 4, 2018, 2:01 p.m.
  • Length: 18:06
Show
View Real Time Build Order
Export as new Build Order

glhfwy Zerg - Winner!

Build Orders: 3 Hatch before Pool, Swarm Host 

Get SALT Encoding   

  12  0:02  Drone  
  13  0:10  Drone  
  13  0:13  Extractor  
  13  0:16  Drone  
  15  0:23  Overlord  
  15  0:41  Drone  
  15  0:42  Drone  
  17  0:48  Drone  
  18  0:56  Hatchery  
  17  1:14  Drone  
  18  1:26  Hatchery  
  17  1:35  Spawning Pool  
  17  1:37  Extractor  
  17  1:39  Drone  
  16  1:54  Drone x2  
  17  1:56  Drone  
  19  2:15  Drone  
  20  2:18  Drone  
  20  2:20  Drone x2  
  23  2:25  Queen  
  25  2:30  Queen  
  27  2:37  Overlord  
  27  2:53  Queen, Drone x2  
  27  2:57  Drone  
  32  3:11  Drone x2  
  32  3:12  Drone  
  35  3:17  Drone x2  
  35  3:18  Drone  
  38  3:23  Drone x2  
  38  3:24  Drone  
  41  3:34  Overlord  
  41  3:36  Metabolic Boost  
  41  3:46  Overlord  
  41  3:51  Queen  
  41  3:53  Overlord x2  
  43  3:57  Drone x2  
  43  3:58  Queen  
  47  4:05  Overlord  
  47  4:06  Overlord  
  47  4:13  Drone x2  
  49  4:20  Extractor  
  48  4:26  Overlord  
  48  4:27  Overlord  
  48  4:31  Lair  
  48  4:44  Drone x3  
  48  4:45  Drone x2  
  53  4:49  Drone x2  
  53  4:50  Drone x2  
  57  4:54  Extractor  
  57  4:56  Extractor  
  57  4:57  Drone x4  
  57  4:59  Drone  
  61  5:00  Drone  
  61  5:03  Zergling x4  
  61  5:04  Zergling x2  
  64  5:30  Evolution Chamber  
  64  5:32  Hatchery  
  64  5:34  Infestation Pit  
  61  5:38  Hydralisk Den  
  61  5:39  Evolution Chamber  
  61  5:40  Baneling Nest, Drone x6  
  61  5:41  Drone  
  65  5:44  Drone  
  65  5:45  Drone  
  67  5:51  Extractor  
  67  5:53  Drone x3  
  67  5:54  Extractor  
  67  5:55  Drone x3  
  67  5:56  Drone  
  72  6:12  Muscular Augments  
  72  6:13  Zerg Melee Weapons Level 1  
  72  6:14  Zerg Ground Armor Level 1  
  72  6:18  Overlord  
  72  6:19  Overlord  
  72  6:24  Centrifical Hooks  
  72  6:26  Swarm Host  
  72  6:27  Swarm Host x3  
  87  6:44  Drone x5  
  87  6:45  Overlord, Drone  
  93  6:50  Overseer  
  93  6:59  Swarm Host  
  93  7:00  Swarm Host x5  
  111  7:04  Overlord x2  
  111  7:11  Overlord  
  111  7:12  Overlord x2  
  111  7:44  Evolution Chamber  
  111  7:45  Drone  
  111  7:46  Drone x6  
  111  7:49  Extractor  
  111  7:50  Drone x3  
  119  7:52  Drone x2, Extractor  
  119  7:53  Drone  
  119  7:56  Overseer  
  119  7:57  Overlord  
  121  7:59  Burrow  
  121  8:05  Hive  
  121  8:06  Pneumatized Carapace  
  121  8:29  Overlord x2  
  121  8:43  Zerg Missile Weapons Level 1, Zerg Ground Armor Level 2  
  121  8:47  Hydralisk  
  121  8:48  Hydralisk x15  
  153  8:56  Spire  
  153  9:01  Hatchery  
  151  9:18  Grooved Spines  
  151  9:33  Overlord  
  151  9:35  Overlord  
  151  9:42  Zerg Melee Weapons Level 2  
  151  9:43  Spire  
  151  9:44  Adrenal Glands  
  150  10:18  Greater Spire  
  150  10:30  Swarm Host x8  
  150  10:31  Swarm Host x8  
  150  10:34  Overlord  
  198  10:37  Zerg Missile Weapons Level 2  
  198  10:38  Hatchery  
  197  11:13  Zerg Flyer Weapons Level 1  
  197  11:15  Zerg Ground Armor Level 3  
  197  11:33  Extractor  
  196  12:17  Zerg Flyer Armor Level 1  
  196  12:19  Zerg Melee Weapons Level 3  
  169  13:06  Hydralisk  
  169  13:07  Hydralisk x7  
  169  13:11  Corruptor  
  169  13:12  Corruptor x5  
  189  13:17  Overlord x3  
  192  13:24  Overlord x3  
  163  13:48  Zerg Flyer Weapons Level 2  
  163  13:51  Zerg Missile Weapons Level 3  
  163  14:32  Zerg Flyer Armor Level 2  
  163  14:36  Overseer  
  142  15:42  Swarm Host  
  145  15:56  Corruptor x4  
  145  15:57  Corruptor  
  149  15:58  Hydralisk x3  
  149  15:59  Hydralisk  
  163  16:14  Swarm Host x12  
  199  17:27  Extractor  
  198  17:30  Extractor  
  197  17:49  Extractor  
Show
View Real Time Build Order
Export as new Build Order

CinDra Protoss 

Build Orders:  

Get SALT Encoding   

  12  0:01  Probe  
  13  0:13  Probe  
  14  0:25  Probe  
  14  0:27  Pylon  
  15  0:45  Probe (Chrono Boost)  
  15  0:46  Gateway  
  17  0:57  Probe (Chrono Boost)  
  17  1:01  Assimilator  
  17  1:05  Probe (Chrono Boost)  
  18  1:12  Probe, Pylon  
  19  1:24  Probe  
  20  1:36  Probe  
  20  1:37  Zealot, Cybernetics Core  
  22  1:48  Probe  
  23  2:00  Probe  
  24  2:01  Pylon  
  24  2:10  Warp Gate (Chrono Boost)  
  24  2:12  Probe  
  24  2:15  Adept  
  27  2:24  Probe (Chrono Boost)  
  28  2:36  Probe (Chrono Boost)  
  29  2:40  Nexus  
  29  2:49  Probe  
  30  3:02  Probe, Gateway  
  31  3:07  Robotics Facility  
  31  3:09  Stalker  
  33  3:14  Probe  
  33  3:16  Assimilator  
  34  3:43  Probe, Pylon  
  35  3:52  Probe  
  35  3:55  Probe  
  37  4:04  Probe  
  37  4:07  Probe  
  37  4:09  Observer  
  40  4:16  Probe  
  41  4:19  Probe  
  42  4:24  Twilight Council  
  42  4:30  Stalker x2  
  46  4:45  Pylon  
  46  4:50  Robotics Bay  
  46  4:59  Probe (Chrono Boost)  
  48  5:00  Probe (Chrono Boost)  
  48  5:05  Assimilator  
  48  5:07  Assimilator  
  48  5:09  Stalker x2  
  48  5:11  Probe (Chrono Boost)  
  48  5:12  Probe (Chrono Boost)  
  54  5:16  Probe (Chrono Boost)  
  54  5:17  Probe (Chrono Boost)  
  56  5:31  Probe  
  56  5:32  Probe  
  56  5:35  Immortal  
  62  5:44  Probe x2  
  62  5:47  Stalker x2  
  68  5:56  Probe x2  
  70  6:00  Observer Gravitic Boosters  
  70  6:12  Gateway  
  70  6:14  Gateway  
  70  6:31  Pylon  
  70  6:36  Pylon  
  70  6:40  Pylon  
  70  6:49  Probe  
  71  7:01  Nexus  
  71  7:03  Pylon  
  71  7:12  Probe x2  
  71  7:15  Stalker x2  
  75  7:22  Colossus  
  83  7:24  Probe x2  
  85  7:33  Blink  
  85  7:35  Robotics Facility  
  85  7:43  Forge  
  85  7:51  Forge  
  85  7:58  Stalker x2  
  85  7:59  Stalker x2  
  85  8:02  Probe x2  
  95  8:14  Probe x2  
  97  8:31  Probe x3  
  98  8:40  Observer  
  98  8:41  Observer  
  92  8:43  Stalker x2  
  92  8:44  Stalker x2  
  100  8:54  Probe (Chrono Boost)  
  102  9:04  Probe (Chrono Boost)  
  102  9:13  Stalker  
  102  9:14  Stalker x3  
  102  9:15  Colossus  
  116  9:22  Pylon  
  116  9:25  Pylon  
  116  9:26  Assimilator  
  116  9:30  Assimilator  
  116  9:39  Colossus  
  116  9:40  Adept  
  116  9:44  Adept x2  
  116  9:45  Adept  
  130  9:54  Pylon  
  130  9:57  Pylon  
  130  10:01  Pylon  
  130  10:03  Pylon  
  130  10:05  Stalker  
  128  10:21  Colossus  
  128  10:24  Stalker  
  128  10:25  Stalker x2  
  140  10:35  Stalker  
  140  10:40  Protoss Ground Weapons Level 1  
  140  10:41  Protoss Ground Armor Level 1  
  142  10:43  Resonating Glaives  
  142  11:02  Gateway  
  142  11:03  Gateway  
  142  11:04  Gateway x2  
  142  11:08  Stalker x4  
  150  11:25  Colossus x2  
  162  11:34  Pylon x2  
  162  11:35  Pylon  
  162  11:36  Pylon  
  162  11:37  Pylon  
  162  11:40  Adept  
  119  12:33  Colossus x2  
  125  12:56  Stalker x2  
  125  12:57  Stalker x5  
  125  12:58  Stalker  
  115  13:48  Colossus x2  
  70  13:51  Stalker x3  
  70  13:52  Stalker x3  
  94  14:03  Nexus  
  94  14:05  Stalker x2  
  86  14:14  Protoss Ground Weapons Level 2, Protoss Ground Armor Level 2  
  86  14:27  Stalker x2  
  86  14:28  Stalker x4  
  98  14:43  Colossus x2  
  110  14:46  Stalker x2  
  108  15:01  Stalker x2  
  108  15:02  Stalker x4  
  88  15:45  Stalker  
  88  15:46  Stalker x2  
  88  15:47  Stalker x4  
  88  15:48  Stalker  
  94  16:17  Stalker x3  
  94  16:18  Stalker x4  
  102  16:19  Stalker  
  108  16:27  Pylon  
  98  16:51  Stalker  
  98  16:52  Stalker x2  
Tags
 
Add a new tag
Caveats
  • Supply blocks, unpowered buildings, or Contaminate may cause inaccurate times.
  • Supply counts are checked every 10 seconds.